[ AOE2 MATCH · #505878249 ]
UnrankedTupi vs Saracens
Player's team · LOSS
Rival team · WIN
[ REPLAY ANALYSIS · EXTRACTED FROM THE RECORDED GAME ]
Feudal
10:42
Castle
20:55
Imperial
—
| APM avg | 68.7 |
| APM peak | 102 |
| eAPM avg | 31.1 |
| Villagers / military | 43 / 23 |
Focus
⚔️ 48.4% · 🌾 51.6%
Skirmisher ×16 · Archer ×6 · Unknown (2550) ×5 · Spearman ×1
Feudal
11:28
Castle
15:29
Imperial
—
| APM avg | 94.9 |
| APM peak | 147 |
| eAPM avg | 38.4 |
| Villagers / military | 28 / 23 |
Focus
⚔️ 45.9% · 🌾 54.1%
Archer ×16 · Mangonel ×7
Match map
Initial resources + every placement click. Lines = walls · curves = elevation contours. ◆ gold · ⬟ stone · ● berries · ✦ relic · ◌ wall gap
Your base· ✓ Closed at 20:55 · 42t walls · no gate
VIT Liereyy's base· Open — opponent sealed themselves in
Smoothed initial terrain · ◌ = detected wall gap · hover for details
Inputs per minute
— TAG_Sitaux - - VIT Liereyy
Build order — TAG_Sitaux
130 actions detected in the replay
| 0:00 | Create | Villager (Male) |
| 0:00 | Create | Villager (Male) |
| 0:02 | Build | House |
| 0:02 | Build | House |
| 0:06 | Create | Villager (Male) |
| 0:07 | Create | Villager (Male) |
| 0:14 | Build | Barracks |
| 1:15 | Create | Unit 2550 |
| 1:34 | Create | Villager (Male) |
| 2:02 | Create | Villager (Male) |
| 2:20 | Create | Unit 2550 |
| 2:35 | Create | Villager (Male) |
| 2:56 | Create | Villager (Male) |
| 3:16 | Build | House |
| 3:26 | Create | Villager (Male) |
| 3:49 | Create | Villager (Male) |
| 4:15 | Create | Villager (Male) |
| 4:21 | Build | House |
| 4:45 | Create | Villager (Male) |
| 5:06 | Create | Villager (Male) |
| 5:15 | Build | Settlement |
| 5:29 | Create | Villager (Male) |
| 5:57 | Create | Villager (Male) |
| 6:24 | Create | Villager (Male) |
| 6:41 | Build | Settlement |
| 6:48 | Create | Villager (Male) |
| 7:12 | Create | Villager (Male) |
| 7:29 | Build | House |
| 7:30 | Build | Palisade Wall |
| 7:37 | Create | Villager (Male) |
| 7:58 | Research | Loom |
| 8:32 | Research | Feudal Age |
| 8:32 | Research | Feudal Age |
| 8:48 | Build | Farm |
| 9:01 | Create | Unit 2550 |
| 9:30 | Build | Farm |
| 9:46 | Create | Unit 2550 |
| 9:53 | Build | House |
| 10:20 | Create | Villager (Male) |
| 10:42 | Age | Feudal Age |
| 10:43 | Build | Archery Range |
| 10:44 | Research | Tech 1402 |
| 10:44 | Research | Tech 1402 |
| 10:51 | Research | Double-Bit Axe |
| 10:51 | Research | Double-Bit Axe |
| 11:02 | Create | Villager (Male) |
| 11:03 | Build | Farm |
| 11:05 | Build | Farm |
| 11:25 | Create | Villager (Male) |
| 11:27 | Build | Farm |
| 11:28 | Create | Archer |
| 11:35 | Create | Villager (Male) |
| 11:57 | Create | Archer |
| 11:58 | Create | Villager (Male) |
| 12:04 | Build | Farm |
| 12:13 | Build | Farm |
| 12:17 | Build | House |
| 12:18 | Build | Palisade Wall |
| 12:31 | Build | Palisade Wall |
| 12:34 | Create | Archer |
| 12:42 | Create | Villager (Male) |
| 13:06 | Create | Villager (Male) |
| 13:25 | Build | Blacksmith |
| 13:27 | Build | Palisade Wall |
| 13:30 | Create | Villager (Male) |
| 13:32 | Create | Archer |
| 13:44 | Build | House |
| 13:46 | Build | Palisade Wall |
| 13:59 | Create | Spearman |
| 14:03 | Create | Archer |
| 14:12 | Create | Villager (Male) |
| 14:15 | Build | Farm |
| 14:16 | Research | Fletching |
| 14:16 | Research | Fletching |
| 14:21 | Create | Villager (Male) |
| 14:25 | Create | Archer |
| 14:43 | Build | Farm |
| 14:49 | Create | Villager (Male) |
| 14:57 | Build | House |
| 15:03 | Create | Villager (Male) |
| 15:05 | Build | Farm |
| 15:23 | Create | Skirmisher |
| 15:32 | Create | Villager (Male) |
| 15:45 | Build | Palisade Wall |
| 15:54 | Create | Villager (Male) |
| 15:54 | Create | Skirmisher |
| 15:59 | Build | Market |
| 16:09 | Create | Skirmisher |
| 16:13 | Create | Villager (Male) |
| 16:21 | Build | House |
| 16:27 | Create | Villager (Male) |
| 16:32 | Research | Padded Archer Armor |
| 16:41 | Create | Villager (Male) |
| 16:43 | Build | Farm |
| 16:44 | Build | Farm |
| 16:46 | Create | Skirmisher |
| 16:59 | Create | Villager (Male) |
| 17:14 | Build | Archery Range |
| 17:15 | Create | Skirmisher |
| 17:17 | Create | Villager (Male) |
| 17:29 | Build | Watch Tower |
| 18:15 | Research | Castle Age |
| 19:15 | Build | Stone Wall |
| 19:25 | Build | Settlement |
| 19:56 | Create | Skirmisher |
| 19:56 | Create | Skirmisher |
| 20:11 | Create | Skirmisher |
| 20:21 | Build | Palisade Wall |
| 20:22 | Create | Skirmisher |
| 20:26 | Create | Unit 2550 |
| 20:33 | Create | Skirmisher |
| 20:42 | Create | Skirmisher |
| 20:52 | Build | Settlement |
| 20:55 | Age | Castle Age |
| 21:22 | Research | Tech 1351 |
| 21:22 | Research | Tech 1351 |
| 21:34 | Create | Villager (Male) |
| 21:36 | Create | Villager (Male) |
| 22:02 | Research | Scale Mail Armor |
| 22:30 | Create | Villager (Male) |
| 22:49 | Research | Elite Skirmisher (upgrade) |
| 22:49 | Research | Elite Skirmisher (upgrade) |
| 22:51 | Create | Skirmisher |
| 22:52 | Create | Skirmisher |
| 22:53 | Create | Villager (Male) |
| 22:53 | Create | Villager (Male) |
| 22:59 | Create | Skirmisher |
| 23:26 | Build | Watch Tower |
| 23:28 | Create | Skirmisher |
| 23:57 | Create | Skirmisher |
Build order — VIT Liereyy
116 actions detected in the replay
| 0:00 | Create | Villager (Male) |
| 0:00 | Create | Villager (Male) |
| 0:01 | Build | House |
| 0:02 | Build | House |
| 0:11 | Create | Villager (Male) |
| 0:11 | Create | Villager (Male) |
| 1:29 | Create | Villager (Male) |
| 1:41 | Build | Lumber Camp |
| 1:56 | Create | Villager (Male) |
| 2:15 | Create | Villager (Male) |
| 2:35 | Create | Villager (Male) |
| 2:35 | Create | Villager (Male) |
| 2:59 | Create | Villager (Male) |
| 3:34 | Create | Villager (Male) |
| 3:52 | Create | Villager (Male) |
| 3:52 | Create | Villager (Male) |
| 3:57 | Build | House |
| 4:55 | Build | Palisade Wall |
| 4:55 | Build | Palisade Wall |
| 4:57 | Build | Palisade Wall |
| 4:58 | Build | Palisade Wall |
| 4:59 | Build | Palisade Wall |
| 5:00 | Build | Palisade Wall |
| 5:02 | Create | Villager (Male) |
| 5:25 | Create | Villager (Male) |
| 5:50 | Create | Villager (Male) |
| 6:20 | Create | Villager (Male) |
| 6:34 | Build | Mill |
| 6:47 | Create | Villager (Male) |
| 6:51 | Build | House |
| 7:00 | Research | Loom |
| 7:20 | Build | Palisade Wall |
| 7:20 | Build | Palisade Wall |
| 7:27 | Build | House |
| 7:30 | Create | Villager (Male) |
| 8:00 | Create | Villager (Male) |
| 8:21 | Create | Villager (Male) |
| 8:40 | Create | Villager (Male) |
| 8:52 | Build | Mining Camp |
| 9:12 | Research | Feudal Age |
| 9:13 | Create | Villager (Male) |
| 9:13 | Create | Villager (Male) |
| 9:45 | Build | Palisade Wall |
| 9:47 | Build | Palisade Wall |
| 10:42 | Build | Barracks |
| 11:04 | Build | Palisade Wall |
| 11:04 | Build | Palisade Wall |
| 11:05 | Build | Palisade Wall |
| 11:05 | Build | Palisade Wall |
| 11:09 | Build | Palisade Wall |
| 11:28 | Age | Feudal Age |
| 11:30 | Build | Market |
| 11:41 | Build | Archery Range |
| 11:48 | Build | Palisade Wall |
| 12:09 | Create | Villager (Male) |
| 12:35 | Create | Archer |
| 12:45 | Build | Palisade Wall |
| 12:49 | Research | Castle Age |
| 12:59 | Build | House |
| 13:05 | Create | Archer |
| 13:26 | Build | Blacksmith |
| 13:40 | Create | Archer |
| 13:57 | Create | Villager (Male) |
| 14:10 | Research | Fletching |
| 14:11 | Create | Archer |
| 14:51 | Create | Archer |
| 15:05 | Build | House |
| 15:07 | Build | House |
| 15:29 | Age | Castle Age |
| 15:33 | Build | Siege Workshop |
| 15:40 | Research | Crossbowman (upgrade) |
| 15:40 | Research | Crossbowman (upgrade) |
| 16:03 | Create | Archer |
| 16:15 | Build | Palisade Wall |
| 16:16 | Build | Palisade Wall |
| 16:25 | Build | House |
| 16:33 | Create | Mangonel |
| 16:58 | Create | Archer |
| 17:02 | Build | House |
| 17:06 | Create | Archer |
| 17:57 | Create | Mangonel |
| 18:04 | Build | House |
| 18:05 | Build | Palisade Wall |
| 18:06 | Build | Palisade Wall |
| 18:07 | Build | Palisade Wall |
| 18:20 | Create | Archer |
| 18:26 | Create | Villager (Male) |
| 18:52 | Create | Archer |
| 19:21 | Research | Bodkin Arrow |
| 19:25 | Create | Archer |
| 19:29 | Build | House |
| 19:30 | Build | Palisade Wall |
| 19:35 | Build | House |
| 19:57 | Create | Archer |
| 20:04 | Build | House |
| 20:08 | Create | Villager (Male) |
| 20:40 | Create | Mangonel |
| 20:49 | Build | Palisade Wall |
| 20:50 | Build | Palisade Wall |
| 20:51 | Build | Palisade Wall |
| 20:51 | Build | Palisade Wall |
| 20:59 | Create | Archer |
| 21:13 | Build | Palisade Wall |
| 21:13 | Build | Palisade Wall |
| 21:14 | Build | Palisade Wall |
| 21:15 | Build | Palisade Wall |
| 21:15 | Build | Palisade Wall |
| 21:16 | Build | Palisade Wall |
| 21:22 | Create | Archer |
| 21:45 | Create | Mangonel |
| 21:51 | Create | Archer |
| 22:39 | Create | Mangonel |
| 23:06 | Create | Archer |
| 23:23 | Build | House |
| 23:28 | Create | Mangonel |
| 24:02 | Create | Mangonel |
Match timeline
| 0:14 | TAG_Sitaux · first_building Barracks |
| 4:55 | VIT Liereyy · wall_segment Palisade Wall x1 |
| 4:55 | VIT Liereyy · wall_segment Palisade Wall x1 |
| 4:57 | VIT Liereyy · wall_segment Palisade Wall x1 |
| 4:58 | VIT Liereyy · wall_segment Palisade Wall x1 |
| 4:59 | VIT Liereyy · wall_segment Palisade Wall x1 |
| 5:00 | VIT Liereyy · wall_segment Palisade Wall x1 |
| 7:20 | VIT Liereyy · wall_segment Palisade Wall x1 |
| 7:20 | VIT Liereyy · wall_segment Palisade Wall x1 |
| 7:30 | TAG_Sitaux · wall_segment Palisade Wall x11 |
| 9:45 | VIT Liereyy · wall_segment Palisade Wall x1 |
| 9:47 | VIT Liereyy · wall_segment Palisade Wall x7 |
| 10:42 | TAG_Sitaux · age_up feudal |
| 10:42 | VIT Liereyy · first_building Barracks |
| 10:43 | TAG_Sitaux · first_building Archery Range |
| 11:04 | VIT Liereyy · wall_segment Palisade Wall x1 |
| 11:04 | VIT Liereyy · wall_segment Palisade Wall x1 |
| 11:05 | VIT Liereyy · wall_segment Palisade Wall x1 |
| 11:05 | VIT Liereyy · wall_segment Palisade Wall x1 |
| 11:09 | VIT Liereyy · wall_segment Palisade Wall x7 |
| 11:28 | VIT Liereyy · age_up feudal |
| 11:41 | VIT Liereyy · first_building Archery Range |
| 11:48 | VIT Liereyy · wall_segment Palisade Wall x1 |
| 12:18 | TAG_Sitaux · wall_segment Palisade Wall x2 |
| 12:31 | TAG_Sitaux · wall_segment Palisade Wall x6 |
| 12:36 | VIT Liereyy · first_market_sell 100 stone |
| 12:37 | VIT Liereyy · first_market_buy 100 food |
| 12:45 | VIT Liereyy · wall_segment Palisade Wall x1 |
| 13:27 | TAG_Sitaux · wall_segment Palisade Wall x8 |
| 13:46 | TAG_Sitaux · wall_segment Palisade Wall x14 |
| 15:29 | VIT Liereyy · age_up castle |
| 15:33 | VIT Liereyy · first_building Siege Workshop |
| 15:45 | TAG_Sitaux · wall_segment Palisade Wall x1 |
| 16:15 | VIT Liereyy · wall_segment Palisade Wall x1 |
| 16:16 | VIT Liereyy · wall_segment Palisade Wall x1 |
| 17:35 | TAG_Sitaux · first_market_sell 500 wood |
| 17:35 | TAG_Sitaux · first_market_buy 100 food |
| 18:05 | VIT Liereyy · wall_segment Palisade Wall x1 |
| 18:06 | VIT Liereyy · wall_segment Palisade Wall x1 |
| 18:07 | VIT Liereyy · wall_segment Palisade Wall x1 |
| 19:15 | TAG_Sitaux · wall_segment Stone Wall x1 |
| 19:30 | VIT Liereyy · wall_segment Palisade Wall x1 |
| 20:21 | TAG_Sitaux · wall_segment Palisade Wall x1 |
| 20:49 | VIT Liereyy · wall_segment Palisade Wall x1 |
| 20:50 | VIT Liereyy · wall_segment Palisade Wall x1 |
| 20:51 | VIT Liereyy · wall_segment Palisade Wall x1 |
| 20:51 | VIT Liereyy · wall_segment Palisade Wall x1 |
| 20:55 | TAG_Sitaux · age_up castle |
| 21:13 | VIT Liereyy · wall_segment Palisade Wall x1 |
| 21:13 | VIT Liereyy · wall_segment Palisade Wall x1 |
| 21:14 | VIT Liereyy · wall_segment Palisade Wall x1 |
| 21:15 | VIT Liereyy · wall_segment Palisade Wall x1 |
| 21:15 | VIT Liereyy · wall_segment Palisade Wall x1 |
| 21:16 | VIT Liereyy · wall_segment Palisade Wall x1 |
| 24:16 | TAG_Sitaux · resign |
[ AI ANALYSIS · 1 CREDIT ]
What really happened in this match?
Wolo.gg analyzes every decision: build order, eco, micro, common mistakes by bracket. Personalized analysis on WhatsApp or Discord in 30 seconds.
Civ guide
Tupi
Perfil
Jugador #212721